AoeStats
← Stanko2026

Four Lakes

508550668Analyzed
1v1 RM · 9d ago on Sep 23, 2026· 52m 52s· 2 players
Game mode
Random Map
Map size
Tiny (2 player)
Population
200
Speed
Normal
Resources
Standard
Victory
Conquest
Starting age
Dark Age
Ending age
Imperial Age
RankedLock teamsTeams togetherTeam positionsShared explorationLock speedFull tech treeHidden civsTurbo modeCheats
Victory
Defeat
🇩🇪 Sicilians · Germany
752
+15
🇧🇷 Saxons · Brazil
734
-15
Rubenius
1:13 Loom
11:27 Feudal Age
12:56 Town Watch
13:48 Wheelbarrow
13:51 Double-Bit Axe
16:04 Gold Mining
16:11 Arson
22:40 Fletching
23:00 Forging
25:23 Padded Archer Armor
25:24 Scale Mail Armor
30:32 Castle Age
28:28 Stone Mining
34:18 Iron Casting
33:45 Gambesons
Stanko2026
0:27 Loom
17:47 Feudal Age
18:39 Double-Bit Axe
18:36 Horse Collar
23:59 Arson
26:33 Gold Mining
26:33 Stone Mining
30:58 Castle Age
31:35 Bloodlines
31:19 Fletching
31:29 Padded Archer Armor
32:08 Light Cavalry
32:48 Husbandry
32:52 Heavy Plow
33:05 Bow Saw
32:50 Elite Skirmisher
34:06 Bodkin Arrow
34:26 Leather Archer Armor
37:33 Ballistics
37:09 Murder Holes
39:18 Masonry
41:13 Pikeman
41:53 Squires
42:56 Gold Shaft Mining
42:56 Stone Shaft Mining
43:23 Scale Mail Armor
43:34 Forging
50:16 Imperial Age
50:24 Elite Serjeant
51:30 Conscription
51:27 Halberdier
53:19 Chemistry
Connection lost

Rejoining the realm…

Still unreachable

The connection could not be restored.

Session expired

The server has moved on; the page needs a fresh start.